 Dungeon Crawl Stone Soup version 0.22-a0-247-gbddf880757 (webtiles) character file.

191 Peterchen the Chopper (level 5, -1/47 HPs)
             Began as a Hill Orc Monk on Feb 23, 2018.
             Was an Elder of Zin.
             Slain by a hippogriff (3 damage)
             ... on level 4 of the Dungeon.
             The game lasted 00:14:15 (3420 turns).

Peterchen the Chopper (Hill Orc Monk)               Turns: 3420, Time: 00:14:16

Health: -1/47      AC:  6    Str: 15    XL:     5   Next: 70%
Magic:  6/6        EV: 11    Int: 10    God:    Zin [****..]
Gold:   75         SH:  0    Dex: 13    Spells: 4/4 levels left

rFire    . . .     SeeInvis .   a - +1 hand axe
rCold    . . .     Gourm    .   (no shield)
rNeg     . . .     Faith    +   j - +0 ring mail
rPois    .         Spirit   .   (no helmet)
rElec    .         Reflect  .   (no cloak)
rCorr    .         Harm     .   p - +0 pair of gloves
MR       .....                  (no boots)
Stlth    +.........             b - amulet of faith
HPRegen  0.15/turn              (no ring)
MPRegen  0.10/turn              (no ring)

@: reciting
A: no striking features
a: Recite, Vitalisation, Imprison, Donate Gold, Renounce Religion


You were on level 4 of the Dungeon.
You worshipped Zin.
Zin was greatly pleased with you.
You were not hungry.

You visited 1 branch of the dungeon, and saw 4 of its levels.

You collected 100 gold pieces.
You donated 25 gold pieces to Zin.

Inventory:

Hand Weapons
 a - a +1 hand axe (weapon)
Armour
 j - a +0 ring mail (worn)
 p - a +0 pair of gloves (worn)
Jewellery
 b - an amulet of faith (around neck)
Scrolls
 e - 2 scrolls of enchant weapon
 i - a scroll of amnesia {unknown}
 l - a scroll of teleportation {unknown}
 m - a scroll of identify {unknown}
 n - a scroll of enchant armour {unknown}
Potions
 d - 2 potions of curing {unknown}
 f - a potion of agility {unknown}
 g - a potion of degeneration {unknown}
 h - a potion of invisibility {unknown}
 k - 2 potions of heal wounds {unknown}
 o - a potion of haste {unknown}
Comestibles
 c - 4 rations


   Skills:
 + Level 4.6 Fighting
 * Level 6.1 Axes
 + Level 2.4 Armour
 - Level 2.4 Dodging
 - Level 1.5 Stealth
 + Level 2.2 Invocations


You had 4 spell levels left.
You didn't know any spells.

Dungeon Overview and Level Annotations

Branches:
Dungeon (4/15)
 Temple: D:4-7

Altars:
Okawaru
Qazlal
Trog
Zin


Message History

* * * LOW HITPOINT WARNING * * *
The hippogriff closely misses you.
You hit the hippogriff.
The hippogriff is moderately wounded.
You hit the centaur skeleton.
The centaur skeleton hits you but does no damage.
The gnoll completely misses you. The centaur skeleton hits you.
* * * LOW HITPOINT WARNING * * *
The hippogriff closely misses you. The hippogriff pecks you.
* * * LOW HITPOINT WARNING * * *
The hippogriff claws you. Zin protects you from harm!
You clear your throat and prepare to recite. "The legions of the damned stood before Zin, and in that instant..."
The gnoll is struck blind by the wrath of Zin!
The gnoll is smitten by the wrath of Zin.
The gnoll is severely wounded.
The gnoll closely misses you. The centaur skeleton barely misses you.
The gnoll barely misses you. The hippogriff bites you.
You die...

#.. ........
#.###.......
#.#......... ....
#.#.........###...
#.#...... ........
#.##...# #......
#H##...#####....##
#@#gg.....##..$.##
#.Zgg>............
###gg.....##......
#.......##......
#...........g...
#...............
#...............
######..........
##.......##


You could see a hippogriff, 4 gnolls and a centaur skeleton.

Vanquished Creatures
  2 orc priests (D:3)
  An orc wizard (D:3)
  An adder (D:2)
  2 worms
  A dart slug (D:3)
  A leopard gecko (D:3)
  12 orcs (D:3)
  2 giant cockroaches
  6 goblins
  14 hobgoblins
  6 jackals
  7 kobolds
  2 quokkas
  7 bats
  5 rats
69 creatures vanquished.

Notes
Turn   | Place    | Note
-------+----------+-------------------------------------------
     0 | D:1      | Peterchen the Hill Orc Monk began the quest for the Orb.
     0 | D:1      | Reached XP level 1. HP: 19/19 MP: 1/1
   236 | D:1      | Reached XP level 2. HP: 10/27 MP: 2/2
   677 | D:1      | Reached skill level 1 in Armour
   879 | D:1      | Reached XP level 3. HP: 33/33 MP: 3/3
  1521 | D:2      | Found a faded altar of an unknown god.
  1533 | D:2      | Became a worshipper of Zin the Law-Giver
  1533 | D:2      | Reached * piety under Zin
  1533 | D:2      | Reached ** piety under Zin
  1610 | D:2      | Found a bloodstained altar of Trog.
  1636 | D:2      | Reached skill level 5 in Axes
  1851 | D:2      | Reached *** piety under Zin
  1852 | D:2      | Donated 15 gold pieces to Zin
  2131 | D:3      | Reached XP level 4. HP: 40/40 MP: 4/4
  2220 | D:3      | Reached skill level 1 in Invocations
  2315 | D:3      | Found a stormy altar of Qazlal.
  2407 | D:3      | Found an iron altar of Okawaru.
  2637 | D:3      | Reached XP level 5. HP: 17/47 MP: 4/6
  2996 | D:3      | Reached skill level 6 in Axes
  3151 | D:3      | Reached **** piety under Zin
  3414 | D:4      | Noticed a hippogriff
  3419 | D:4      | HP: 2/47 [hippogriff (2)]
  3419 | D:4      | Zin protects you from harm!
  3420 | D:4      | Slain by a hippogriff

Vault maps used:
D:1:      minmay_arrival_four_houses
D:2:      chequers_ecumenical_altar_lobes, trog_three_pillars_becter
D:3:      old_standard_altar, grunt_qazlal_clouds
D:4:      first_ration, uniq_edmund

Skill      XL: |  1  2  3  4  5 |
---------------+----------------+-----
Armour         | 1 2 |  2.4
Fighting       | 4 |  4.6
Axes           | 5 6 |  6.1
Invocations    | 1 2 |  2.2
Dodging        | |  2.4
Stealth        | |  1.5

Action                   |  1- 3 |  4- 6 || total
-------------------------+-------+-------++-------
Melee: Hand axe          |   162 |   119 ||   281
Invok: Recite            |     1 |     4 ||     5
       Donate Gold       |     1 |       ||     1
       Vitalisation      |       |     1 ||     1
  Use: Scroll            |     1 |       ||     1
 Stab: Sleeping          |     2 |     1 ||     3
       Distracted        |     1 |       ||     1
       Confused          |       |     1 ||     1
  Eat: Chunk             |     4 |     1 ||     5
       Ration            |       |     1 ||     1
Armor: Robe              |    16 |       ||    16
       Ring mail         |     8 |    34 ||    42
Dodge: Dodged            |    88 |    83 ||   171

Table legend:
 A = Spawn XP
 B = Non-spawn XP
 C = Spawn XP percentage of total XP
 D = Spawn monster count
 E = Non-spawn monster count
 F = Spawn count percentage of total count
 G = Total turns spent on level
                    A         B        C        D         E        F      G
               +---------+---------+-------+---------+---------+-------+---------
         Total |       0 |     274 |   0.0 |       0 |      69 |   0.0 |  3420
               +---------+---------+-------+---------+---------+-------+---------
           D:1 |       0 |      38 |   0.0 |       0 |      20 |   0.0 |  1076
           D:2 |       0 |      38 |   0.0 |       0 |      16 |   0.0 |  1046
           D:3 |       0 |     198 |   0.0 |       0 |      33 |   0.0 |  1267
               +---------+---------+-------+---------+---------+-------+---------
